 Dungeon Crawl Stone Soup version 0.13.0-26-gf7ffa3a (webtiles) character file.

795 Lilouch the Firebug (level 7, -4/36 HPs)
             Began as a Deep Elf Fire Elementalist on Nov 1, 2013.
             Killed from afar by Ijyb (18 damage)
             ... with a wand of fire
             ... on Level 3 of the Dungeon on Nov 2, 2013.
             The game lasted 00:36:00 (5114 turns).

Lilouch the Firebug (Deep Elf Fire Elementalist)    Turns: 5114, Time: 00:36:01

HP  -4/36        AC 10     Str  5      XL: 7   Next: 35%
MP  18/21        EV 13     Int 22      God:
Gold 108         SH  0     Dex 15      Spells:  3 memorised,  9 levels left

Res.Fire  : . . .   See Invis. : .   B - +0,+2 hammer (protect)
Res.Cold  : . . .   Warding    : .   a - +0 elf robe
Life Prot.: . . .   Conserve   : +   (no shield)
Res.Poison: .       Res.Corr.  : +   i - +0 elf cap
Res.Elec. : .       Clarity    : .   v - +1 cloak {rCorr, Cons}
Sust.Abil.: . .     Spirit.Shd : .   (no gloves)
Res.Mut.  : .       Stasis     : .   j - +0 pair of boots
Res.Rott. : .       Flight     : .   k - amulet of rage
Saprovore : . . .                    (no ring)
                                     (no ring)

@: slightly resistant to hostile enchantments, fairly stealthy
A: no striking features
a: Evoke Berserk Rage


You were on level 3 of the Dungeon.
You were not hungry.

You visited 1 branch of the dungeon, and saw 4 of its levels.

You collected 88 gold pieces.

Inventory:

Hand weapons
 A - a +1,+3 spear (quivered)
 B - a +0,+2 hammer of protection (weapon)
 G - a +1,+3 dwarven dagger of venom
 H - a +0,+1 dwarven dagger
 I - a +0,+0 elven dagger
 J - a +1,+0 orcish dagger of pain
 K - a -1,+1 orcish dagger
Armour
 a - a +0 elven robe (worn)
 g - a +0 ring mail
 i - a +0 elven cap (worn)
 j - a +0 pair of boots (worn)
 v - a +1 cloak of preservation (worn)
Magical devices
 x - a wand of random effects (14) {unknown}
Comestibles
 c - 7 bread rations
 d - a chunk of hobgoblin flesh
 p - 4 meat rations
Scrolls
 f - a scroll of teleportation {unknown}
 h - a scroll of random uselessness {unknown}
 q - a scroll of curse armour {unknown}
 w - a scroll of fear {unknown}
 y - a scroll of amnesia {unknown}
 D - 2 scrolls of remove curse {unknown}
 E - a scroll of noise {unknown}
 F - 2 scrolls of identify {unknown}
Jewellery
 k - an amulet of rage (around neck)
Potions
 e - a potion of cure mutation {unknown}
 l - 2 potions of speed {unknown}
 o - a potion of paralysis {unknown}
 r - a potion of might {unknown}
 s - 3 potions of brilliance {unknown}
 C - a potion of curing {unknown}
Books
 b - a book of Flames

   Spells                             Type                      Level
   *Flame Tongue                      Conjuration/Fire             1
   *Throw Flame                       Conjuration/Fire             2
   *Conjure Flame                     Conjuration/Fire             3
   Inner Flame                        Hexes/Fire                   3
   Sticky Flame                       Conjuration/Fire             4
   Fireball                           Conjuration/Fire             5


   Skills:
 + Level 3.0 Armour
 - Level 2.4 Dodging
 - Level 2.4 Stealth
 + Level 4.7 Spellcasting
 + Level 3.6 Conjurations
 * Level 6.5 Fire Magic


You had 9 spell levels left.
You knew the following spells:

 Your Spells              Type           Power        Failure   Level  Hunger
a - Flame Tongue          Conj/Fire      ####.        1%          1    None
b - Throw Flame           Conj/Fire      ####..       1%          2    None
c - Conjure Flame         Conj/Fire      ####....     4%          3    ##.....


Dungeon Overview and Level Annotations

Branches:
Dungeon (4/27)
 Temple: D:4-7

Altars:
Fedhas
Nemelex Xobeh
Sif Muna
Yredelemnul

Annotations:
D:3 Ijyb
D:4 Edmund


Message History

The kobold hits the plant.
Throwing (i - inventory. (,) - cycle):
u - a dagger (quivered)
Press: ? - help, Shift-Dir - straight line, f/p - Ijyb
Aim: Ijyb, wielding a club and wearing an orcish ring mail (lightly wounded)
You throw a dagger. The dagger misses Ijyb.
The dagger misses the kobold.
The dagger hits the kobold.
The kobold is moderately wounded.
Ijyb zaps a wand.
The bolt of fire hits you!
Ouch! That really hurt!
The kobold hits the plant but does no damage.
Casting: Conjure Flame
Confirm with . or Enter, or press ? or * to list all spells.
Aiming: Flame Tongue
Press: ? - help, Shift-Dir - straight line, f/p - Ijyb
Aim: Ijyb, wielding a club, wearing an orcish ring mail and carrying a wand of fire {zapped: 1} (lightly wounded)
The flame hits Ijyb.
Ijyb appears unharmed.
Ijyb is lightly wounded.
Ijyb zaps a wand.
The bolt of fire hits you!
Ouch! That really hurt!
You die...

#######.##.#.#<# #
#.##.#.#.# #
######.##.....# #
#....(..#.....# #
#.......#.....# #
#.......#.....#
#.......#.....# #
##.......#.....###.##PK..
.........#......@..§gKK).
##.......#....########K..
##########.#....<...# ..#
#.########## #.#
#..........# #.#
############## #(# #.#
#.# #.# #.# #.#


You could see Ijyb and 4 kobolds.

Vanquished Creatures
  Grinder (D:3)
  An ogre (D:4)
  The ghost of M4edhros the Sneak, a weakling OpAr (D:4)
  An iguana (D:4)
  Crazy Yiuf (D:3)
  An orc wizard (D:4)
  2 scorpions (D:4)
  5 adders
  A giant mite (D:3)
  4 gnolls
  2 worms (D:4)
  7 giant geckos
  An ooze (D:2)
  5 orcs
  2 giant cockroaches (D:4)
  10 hobgoblins
  8 jackals
  2 quokkas (D:3)
  9 bats
  6 giant newts
  6 goblins
  A hobgoblin skeleton (D:4)
  14 kobolds
  9 rats
100 creatures vanquished.

Notes
Turn   | Place    | Note
--------------------------------------------------------------
     0 | D:1      | Lilouch, the Deep Elf Fire Elementalist, began the quest for the Orb.
     0 | D:1      | Reached XP level 1. HP: 10/10 MP: 4/4
   202 | D:1      | Reached XP level 2. HP: 15/15 MP: 3/6
   546 | D:1      | Reached XP level 3. HP: 19/19 MP: 9/9
   735 | D:1      | Reached skill level 1 in Armour
   771 | D:1      | Reached skill level 4 in Fire Magic
   890 | D:2      | Learned a level 2 spell: Throw Flame
   894 | D:2      | Learned a level 3 spell: Conjure Flame
  1223 | D:2      | Reached XP level 4. HP: 24/24 MP: 12/12
  1400 | D:2      | Found a blossoming altar of Fedhas.
  1414 | D:2      | Found a sparkling altar of Nemelex Xobeh.
  2115 | D:2      | Found a basalt altar of Yredelemnul.
  2125 | D:2      | Found a deep blue altar of Sif Muna.
  2474 | D:3      | Noticed Crazy Yiuf
  2518 | D:3      | HP: 1/24 [Crazy Yiuf/wand of magic darts (5)]
  3051 | D:3      | Killed Crazy Yiuf
  3074 | D:3      | Identified a +1 cloak of preservation (You took it off Crazy Yiuf on level 3 of the Dungeon)
  3339 | D:3      | Reached XP level 5. HP: 28/28 MP: 12/15
  3492 | D:3      | Noticed Grinder
  3507 | D:3      | Paralysed by Grinder for 7 turns
  4045 | D:4      | Reached skill level 5 in Fire Magic
  4064 | D:4      | Reached XP level 6. HP: 28/32 MP: 0/18
  4304 | D:4      | Noticed M4edhros' ghost (weakling OpAr)
  4320 | D:4      | Killed M4edhros' ghost
  4323 | D:4      | Noticed an ogre
  4335 | D:4      | Killed an ogre
  4370 | D:4      | Noticed Edmund
  4665 | D:3      | Killed Grinder
  4665 | D:3      | Reached skill level 6 in Fire Magic
  4665 | D:3      | Reached XP level 7. HP: 21/36 MP: 8/21
  5107 | D:3      | Noticed Ijyb
  5114 | D:3      | Killed from afar by Ijyb

Action                   |  1- 3 |  4- 6 |  7- 9 || total
-------------------------+-------+-------+-------++-------
Melee: Hand axe          |    22 |       |       ||    22
       Dagger            |    10 |     4 |       ||    14
       Hammer            |       |    18 |       ||    18
Throw: Club              |    21 |    33 |     1 ||    55
       Dagger            |    12 |    23 |    18 ||    53
       Hand axe          |     4 |    15 |     6 ||    25
       Spear             |       |     8 |     3 ||    11
 Cast: Flame Tongue      |    45 |    77 |    17 ||   139
       Throw Flame       |       |    18 |       ||    18
       Conjure Flame     |       |     9 |     2 ||    11
 Stab: Sleeping          |       |     1 |       ||     1
